[Event "71st RUS-ch Higher League 2018"]
[Site "Yaroslavl"]
[Date "2018.07.05"]
[Round "9"]
[White "Dreev, Aleksey"]
[Black "Esipenko, Andrey"]
[Result "0-1"]
[ECO "E34"]
[WhiteElo "2657"]
[BlackElo "2599"]
[Annotator "ChessBase"]
[PlyCount "110"]
[EventDate "2018.06.26"]
[EventType "swiss"]
[EventCountry "RUS"]
[SourceTitle "playchess.com"]
[Source "ChessBase"]
[SourceQuality "1"]
[TimeControl "40/5400+30:1800+30"]

1. d4 Nf6 2. c4 e6 3. Nc3 Bb4 4. Qc2 d5 5. cxd5 Qxd5 6. e3 c5 7. Bd2 Bxc3 8. Bxc3 Nc6 9. dxc5 Qxc5 10. Rc1 O-O 11. Nf3 Qe7 12. a3 Nd5 13. Bd2 e5 14. Bd3 h6 15. Qc5 Rd8 16. Bb5 Qf6 17. Bxc6 bxc6 18. e4 Bh3 19. O-O Bxg2 20. Kxg2 Qg6+ 21. Ng5 Nf6 22. Be3 hxg5 23. Qxc6 Qh5 24. h3 Qh4 25. Rc5 g4 26. Rh1 gxh3+ 27. Rxh3 Qg4+ 28. Rg3 Qxe4+ 29. Qxe4 Nxe4 30. Rxe5 Nxg3 31. Kxg3 Rd3 32. Rb5 a6 33. Rb7 Rad8 34. Kf4 R3d7 35. Rb6 Rd6 36. Rb7 Rf6+ 37. Ke4 Re6+ 38. Kf4 Rd5 39. b4 f6 40. a4 Kh7 41. Kf3 a5 42. b5 Rf5+ 43. Bf4 Re1 44. Ra7 Rb1 45. Ke4 Rc5 46. Kd4 Rc2 47. Rxa5 Rxf2 48. Bc7 Rf5 49. Ra8 Rb4+ 50. Kc3 Rg4 51. Kd3 Rf3+ 52. Ke2 Rb3 53. b6 Rg2+ 54. Kf1 Ra2 55. Re8 Rxa4 0-1

[Event "71st RUS-ch Higher League 2018"]
[Site "Yaroslavl"]
[Date "2018.07.05"]
[Round "9"]
[White "Paravyan, David"]
[Black "Triapishko, Alexandr"]
[Result "1-0"]
[ECO "A28"]
[WhiteElo "2634"]
[BlackElo "2513"]
[Annotator "ChessBase"]
[PlyCount "93"]
[EventDate "2018.06.26"]
[EventType "swiss"]
[EventCountry "RUS"]
[SourceTitle "playchess.com"]
[Source "ChessBase"]
[SourceQuality "1"]
[TimeControl "40/5400+30:1800+30"]

1. c4 e5 2. Nc3 Nf6 3. Nf3 Nc6 4. e3 Bb4 5. Qc2 Bxc3 6. Qxc3 Qe7 7. b3 d5 8. d4 Ne4 9. Qb2 Qb4+ 10. Nd2 dxc4 11. Bxc4 exd4 12. O-O Nf6 13. exd4 O-O 14. Nf3 Be6 15. Bd2 Qd6 16. Bg5 Nd5 17. Bh4 f6 18. Bg3 Qd7 19. Nd2 Bf7 20. Ne4 b6 21. Rac1 Nce7 22. Rfe1 h6 23. h3 a5 24. Re2 Rac8 25. Rce1 Nf5 26. Bh2 Rfe8 27. Qd2 Nb4 28. d5 Red8 29. Nc3 c6 30. d6 Bxc4 31. bxc4 Qf7 32. a3 Na6 33. Qd3 g6 34. Na4 b5 35. cxb5 cxb5 36. Qxb5 Nb8 37. Re4 Nc6 38. Nb6 Ncd4 39. Qxa5 Rc2 40. Nd5 Nc6 41. Ne7+ Nfxe7 42. Qxd8+ Nxd8 43. dxe7 Ne6 44. Rxe6 Qe8 45. Rxf6 Qxe7 46. Rxg6+ Kh8 47. Be5+ 1-0

[Event "71st RUS-ch Higher League 2018"]
[Site "Yaroslavl"]
[Date "2018.07.05"]
[Round "9"]
[White "Lysyj, Igor"]
[Black "Fakhrutdinov, Timur"]
[Result "1-0"]
[ECO "A05"]
[WhiteElo "2630"]
[BlackElo "2460"]
[Annotator "ChessBase"]
[PlyCount "101"]
[EventDate "2018.06.26"]
[EventType "swiss"]
[EventCountry "RUS"]
[SourceTitle "playchess.com"]
[Source "ChessBase"]
[SourceQuality "1"]
[TimeControl "40/5400+30:1800+30"]

1. Nf3 Nf6 2. c4 e6 3. Nc3 d5 4. e3 dxc4 5. Bxc4 a6 6. O-O b5 7. Be2 Bb7 8. b3 Nbd7 9. Bb2 c5 10. Rc1 Be7 11. a4 b4 12. Nb1 O-O 13. d3 a5 14. e4 Nb6 15. Nbd2 Rc8 16. Ne5 Nfd7 17. Nxd7 Nxd7 18. Nc4 Nb8 19. e5 Bd5 20. Bf3 Nc6 21. Bxd5 exd5 22. Ne3 d4 23. Nc4 f6 24. exf6 Bxf6 25. Qg4 Re8 26. f4 Qe7 27. Rc2 Rcd8 28. Qf3 Qc7 29. Re2 Rxe2 30. Qxe2 Qe7 31. Qf3 Qe6 32. Bc1 Qd5 33. Qe2 Rf8 34. Re1 Bd8 35. Qe6+ Qxe6 36. Rxe6 Rf6 37. Rxf6 gxf6 38. g4 Kf7 39. Kg2 Bc7 40. Kf3 h5 41. h3 f5 42. gxf5 Kf6 43. Ke4 Ne7 44. Ne5 Nxf5 45. Nd7+ Kg6 46. Nxc5 Ng3+ 47. Kf3 Nf5 48. Bd2 Nd6 49. Be1 Bb6 50. Nd7 Ba7 51. Ne5+ 1-0

[Event "71st RUS-ch Higher League 2018"]
[Site "Yaroslavl"]
[Date "2018.07.05"]
[Round "9"]
[White "Khismatullin, Denis"]
[Black "Zvjaginsev, Vadim"]
[Result "1/2-1/2"]
[ECO "D37"]
[WhiteElo "2627"]
[BlackElo "2633"]
[Annotator "ChessBase"]
[PlyCount "35"]
[EventDate "2018.06.26"]
[EventType "swiss"]
[EventCountry "RUS"]
[SourceTitle "playchess.com"]
[Source "ChessBase"]
[SourceQuality "1"]
[TimeControl "40/5400+30:1800+30"]

1. d4 d5 2. c4 e6 3. Nf3 Nf6 4. Nc3 Nbd7 5. Bf4 dxc4 6. e3 Nb6 7. Bxc4 Nxc4 8. Qa4+ c6 9. Qxc4 Nd5 10. Bg3 Qb6 11. O-O Qxb2 12. Ne4 Nb6 13. Qd3 Qb5 14. Qc2 Qa4 15. Qd3 Qb5 16. Qc2 Qa4 17. Qd3 Qb5 18. Qc2 1/2-1/2

[Event "71st RUS-ch Higher League 2018"]
[Site "Yaroslavl"]
[Date "2018.07.05"]
[Round "9"]
[White "Rakhmanov, Aleksandr"]
[Black "Goryachkina, Aleksandra"]
[Result "1/2-1/2"]
[ECO "D11"]
[WhiteElo "2627"]
[BlackElo "2505"]
[Annotator "ChessBase"]
[PlyCount "66"]
[EventDate "2018.06.26"]
[EventType "swiss"]
[EventCountry "RUS"]
[SourceTitle "playchess.com"]
[Source "ChessBase"]
[SourceQuality "1"]
[TimeControl "40/5400+30:1800+30"]

1. c4 c6 2. d4 d5 3. Nf3 Nf6 4. Qc2 dxc4 5. Qxc4 Bg4 6. Nbd2 Nbd7 7. g3 e6 8. Bg2 Be7 9. O-O O-O 10. Qb3 Qb6 11. Nc4 Qa6 12. Bd2 Bf5 13. Rfc1 Be4 14. a4 b6 15. Bf4 Bd5 16. Qc2 Be4 17. Qb3 Bd5 18. Qc2 Be4 19. Qd2 Bd5 20. Ne3 Rac8 21. h4 Be4 22. Nc4 Bd5 23. Ne3 Be4 24. Bg5 h6 25. Bxf6 Nxf6 26. b4 b5 27. a5 Nd5 28. Nxd5 cxd5 29. Ne5 Qd6 30. Rc5 Qa6 31. Rcc1 Qd6 32. Rc5 Qa6 33. Rcc1 Qd6 1/2-1/2

[Event "71st RUS-ch Higher League 2018"]
[Site "Yaroslavl"]
[Date "2018.07.05"]
[Round "9"]
[White "Alekseenko, Kirill"]
[Black "Oparin, Grigoriy"]
[Result "1/2-1/2"]
[ECO "C92"]
[WhiteElo "2621"]
[BlackElo "2587"]
[Annotator "ChessBase"]
[PlyCount "82"]
[EventDate "2018.06.26"]
[EventType "swiss"]
[EventCountry "RUS"]
[SourceTitle "playchess.com"]
[Source "ChessBase"]
[SourceQuality "1"]
[TimeControl "40/5400+30:1800+30"]

1. e4 e5 2. Nf3 Nc6 3. Bb5 a6 4. Ba4 Nf6 5. O-O Be7 6. Re1 b5 7. Bb3 d6 8. c3 O-O 9. h3 Bb7 10. d4 Re8 11. Nbd2 Bf8 12. a4 h6 13. Bc2 exd4 14. cxd4 Nb4 15. Bb1 c5 16. d5 Nd7 17. Ra3 c4 18. Nd4 Qf6 19. N2f3 Nc5 20. Ree3 Nbd3 21. Bxd3 cxd3 22. axb5 axb5 23. Rxa8 Bxa8 24. Qe1 b4 25. Bd2 Qg6 26. Nf5 Qf6 27. Bxb4 Qxb2 28. Bc3 Qa2 29. Kh2 g6 30. Ng3 Bb7 31. Bd4 Ba6 32. Qb4 Qc4 33. Qxc4 Bxc4 34. Nd2 Ba6 35. f4 h5 36. e5 dxe5 37. fxe5 Rd8 38. e6 fxe6 39. Bxc5 Bxc5 40. Rxe6 Rd6 41. Nge4 Rxe6 1/2-1/2

[Event "71st RUS-ch Higher League 2018"]
[Site "Yaroslavl"]
[Date "2018.07.05"]
[Round "9"]
[White "Antipov, Mikhail Al"]
[Black "Gaifullin, Artur"]
[Result "0-1"]
[ECO "C70"]
[WhiteElo "2616"]
[BlackElo "2448"]
[Annotator "ChessBase"]
[PlyCount "78"]
[EventDate "2018.06.26"]
[EventType "swiss"]
[EventCountry "RUS"]
[SourceTitle "playchess.com"]
[Source "ChessBase"]
[SourceQuality "1"]
[TimeControl "40/5400+30:1800+30"]

1. e4 e5 2. Nf3 Nc6 3. Bb5 a6 4. Ba4 Nge7 5. d3 d6 6. Nc3 Bd7 7. a3 h6 8. Be3 g6 9. d4 Bg7 10. d5 Nb8 11. Bxd7+ Nxd7 12. g4 Nf6 13. h3 c6 14. dxc6 bxc6 15. Qd2 Qc7 16. O-O-O d5 17. exd5 cxd5 18. g5 hxg5 19. Bxg5 d4 20. Nxd4 O-O-O 21. Bxf6 Bxf6 22. Qe2 Bg5+ 23. Kb1 exd4 24. Ne4 Bf4 25. Rhe1 Qc6 26. Qg4+ f5 27. Qxf4 fxe4 28. Rxe4 Nf5 29. Re5 Rde8 30. Rd3 Rxe5 31. Qxe5 Re8 32. Qa5 Re2 33. Rb3 Qxc2+ 34. Ka2 Qc6 35. Qb4 Qe6 36. a4 Re1 37. a5 Kd7 38. h4 Ke8 39. Qb7 Kf8 0-1

[Event "71st RUS-ch Higher League 2018"]
[Site "Yaroslavl"]
[Date "2018.07.05"]
[Round "9"]
[White "Popov, Ivan"]
[Black "Romanov, Evgeny"]
[Result "1/2-1/2"]
[ECO "B41"]
[WhiteElo "2608"]
[BlackElo "2628"]
[Annotator "ChessBase"]
[PlyCount "112"]
[EventDate "2018.06.26"]
[EventType "swiss"]
[EventCountry "RUS"]
[SourceTitle "playchess.com"]
[Source "ChessBase"]
[SourceQuality "1"]
[TimeControl "40/5400+30:1800+30"]

1. e4 c5 2. Nf3 e6 3. d4 cxd4 4. Nxd4 a6 5. c4 d6 6. Nc3 b6 7. f4 Bb7 8. f5 e5 9. Nf3 Nd7 10. Bd3 Ngf6 11. Qe2 Be7 12. O-O O-O 13. Bg5 Nc5 14. b4 Nxd3 15. Qxd3 b5 16. cxb5 d5 17. Nxe5 axb5 18. exd5 Nxd5 19. Nxd5 Bxg5 20. Rfd1 Re8 21. Nf3 Bxd5 22. Qxd5 Qxd5 23. Rxd5 Bf6 24. Re1 Rxe1+ 25. Nxe1 Rxa2 26. Nf3 g5 27. fxg6 hxg6 28. Rxb5 Rb2 29. Rb7 g5 30. h3 Kf8 31. Rb5 Be7 32. Nxg5 Bxg5 33. Rxg5 Rxb4 34. Kf2 f6 35. Rg4 Rb3 36. h4 Kf7 37. g3 Rb2+ 38. Kf3 Rb3+ 39. Kg2 Rb2+ 40. Kh3 Rb5 41. Rf4 Kg6 42. Kg4 f5+ 43. Kh3 Rb2 44. Ra4 Rc2 45. Ra6+ Kg7 46. h5 Rc4 47. Rg6+ Kf7 48. Ra6 Kg7 49. Ra5 Kf6 50. h6 Kg6 51. Ra6+ Kh7 52. Rf6 Ra4 53. Rxf5 Kxh6 54. Rf4 Rxf4 55. gxf4 Kg6 56. f5+ Kxf5 1/2-1/2

[Event "71st RUS-ch Higher League 2018"]
[Site "Yaroslavl"]
[Date "2018.07.05"]
[Round "9"]
[White "Turov, Maxim"]
[Black "Sakaev, Konstantin"]
[Result "1/2-1/2"]
[ECO "E49"]
[WhiteElo "2600"]
[BlackElo "2580"]
[Annotator "ChessBase"]
[PlyCount "74"]
[EventDate "2018.06.26"]
[EventType "swiss"]
[EventCountry "RUS"]
[SourceTitle "playchess.com"]
[Source "ChessBase"]
[SourceQuality "1"]
[TimeControl "40/5400+30:1800+30"]

1. d4 Nf6 2. c4 e6 3. Nc3 Bb4 4. e3 O-O 5. Bd3 d5 6. a3 Bxc3+ 7. bxc3 dxc4 8. Bxc4 c5 9. Nf3 Qc7 10. Ba2 Nbd7 11. O-O b6 12. Bb2 Bb7 13. Nd2 b5 14. c4 bxc4 15. Nxc4 Bd5 16. Qe2 cxd4 17. Bxd4 Rfc8 18. Rac1 Qc6 19. f3 Qa6 20. Rc2 Bxc4 21. Bxc4 Qxa3 22. Ra1 Qb4 23. Ba6 Rxc2 24. Qxc2 e5 25. Qc6 Re8 26. Bxa7 Nb8 27. Bxb8 Qxb8 28. Qb7 Qxb7 29. Bxb7 g6 30. Ra8 Rxa8 31. Bxa8 h5 32. Kf2 Ne8 33. f4 exf4 34. exf4 Kg7 35. Kf3 Nf6 36. Bc6 Kf8 37. g3 Kg7 1/2-1/2

[Event "71st RUS-ch Higher League 2018"]
[Site "Yaroslavl"]
[Date "2018.07.05"]
[Round "9"]
[White "Pridorozhni, Aleksei"]
[Black "Lomasov, Semen"]
[Result "1/2-1/2"]
[ECO "A25"]
[WhiteElo "2589"]
[BlackElo "2549"]
[Annotator "ChessBase"]
[PlyCount "85"]
[EventDate "2018.06.26"]
[EventType "swiss"]
[EventCountry "RUS"]
[SourceTitle "playchess.com"]
[Source "ChessBase"]
[SourceQuality "1"]
[TimeControl "40/5400+30:1800+30"]

1. c4 e5 2. Nc3 Nc6 3. g3 Bc5 4. Bg2 d6 5. Na4 Nge7 6. a3 a5 7. Nxc5 dxc5 8. d3 O-O 9. Nf3 Bg4 10. h3 Bh5 11. g4 Bg6 12. Nh4 Qd7 13. Qa4 Rad8 14. Nxg6 hxg6 15. Be3 b6 16. O-O-O Qe6 17. Kb1 Rd6 18. Bd2 Rfd8 19. Bc3 Nd4 20. Rd2 Qf6 21. Rf1 g5 22. Qd1 Ng6 23. Be4 Qe7 24. e3 Nf8 25. b3 Nc6 26. Qf3 Nb8 27. Qf5 Nbd7 28. h4 Rf6 29. Qxg5 Ne6 30. Qh5 Rh6 31. Qf5 Rxh4 32. Bd5 g6 33. Qe4 Qd6 34. Rh1 Nf6 35. Rxh4 Nxe4 36. Bxe4 Ng5 37. Bg2 f6 38. Rh1 Re8 39. Kc2 Kg7 40. Rf1 Ne6 41. Bd5 g5 42. Rh1 Rh8 43. Rxh8 1/2-1/2

[Event "71st RUS-ch Higher League 2018"]
[Site "Yaroslavl"]
[Date "2018.07.05"]
[Round "9"]
[White "Volkov, Sergey"]
[Black "Girya, Olga"]
[Result "1/2-1/2"]
[ECO "D38"]
[WhiteElo "2580"]
[BlackElo "2457"]
[Annotator "ChessBase"]
[PlyCount "142"]
[EventDate "2018.06.26"]
[EventType "swiss"]
[EventCountry "RUS"]
[SourceTitle "playchess.com"]
[Source "ChessBase"]
[SourceQuality "1"]
[TimeControl "40/5400+30:1800+30"]

1. d4 Nf6 2. c4 e6 3. Nf3 d5 4. Nc3 Bb4 5. Qa4+ Nc6 6. e3 O-O 7. Qc2 Re8 8. Bd2 a6 9. Rd1 Bd7 10. a3 Bf8 11. Bc1 Ne7 12. b4 dxc4 13. Bxc4 Ned5 14. O-O Nxc3 15. Qxc3 Ba4 16. Bb3 Ne4 17. Qc2 Bxb3 18. Qxb3 Qd5 19. Qc2 a5 20. bxa5 Rxa5 21. Ne5 f6 22. Nd3 Qc6 23. Qxc6 bxc6 24. f3 Nc3 25. Rd2 Bxa3 26. Rc2 Bxc1 27. Rfxc1 Nd5 28. e4 Ne7 29. Nb4 Ra4 30. Rc4 Kf7 31. Nxc6 Rxc4 32. Rxc4 Nxc6 33. Rxc6 Rc8 34. f4 Ke7 35. Rc3 c6 36. Rg3 Kf7 37. Ra3 c5 38. Rc3 c4 39. Kf2 e5 40. Ke3 exf4+ 41. Kxf4 Ke6 42. g4 g5+ 43. Ke3 Ra8 44. h4 h6 45. h5 Ra4 46. Kd2 Kd6 47. Rc2 Ra3 48. Rxc4 Rg3 49. Ra4 Rxg4 50. Kd3 Rh4 51. Ra6+ Ke7 52. Ra7+ Kd6 53. d5 Rxh5 54. Rf7 Rh1 55. Rxf6+ Ke5 56. Rf5+ Kd6 57. Rf8 g4 58. Rg8 h5 59. Ke2 Rh3 60. Rg5 Kc5 61. Rg6 Kd4 62. d6 Rh2+ 63. Kf1 Kxe4 64. Ke1 Rh3 65. Rh6 Rd3 66. Rxh5 Rxd6 67. Kf2 Kf4 68. Ra5 Rd2+ 69. Kg1 Kg3 70. Ra3+ Kh4 71. Rc3 g3 1/2-1/2

[Event "71st RUS-ch Higher League 2018"]
[Site "Yaroslavl"]
[Date "2018.07.05"]
[Round "9"]
[White "Goganov, Aleksey"]
[Black "Potkin, Vladimir"]
[Result "1/2-1/2"]
[ECO "D85"]
[WhiteElo "2576"]
[BlackElo "2592"]
[Annotator "RC"]
[PlyCount "81"]
[EventDate "2018.06.26"]
[EventType "swiss"]
[EventCountry "RUS"]
[SourceTitle "playchess.com"]
[Source "ChessBase"]
[SourceQuality "1"]
[TimeControl "40/5400+30:1800+30"]

1. d4 Nf6 2. c4 g6 3. Nc3 d5 4. cxd5 Nxd5 5. g3 Bg7 6. Bg2 Nxc3 7. bxc3 c5 8. Nf3 Nc6 9. O-O cxd4 10. Nxd4 Nxd4 11. cxd4 Qxd4 12. Rb1 O-O 13. Qxd4 Bxd4 14. Bh6 Bg7 15. Bg5 Bf6 16. Bxf6 exf6 17. Bxb7 Rb8 18. Bd5 Bf5 19. Rxb8 Rxb8 20. Rc1 Rb2 21. Kf1 Rb5 22. Bb3 Ra5 23. Rc6 Be6 24. Bxe6 fxe6 25. Rxe6 Kf7 26. Rc6 Rxa2 27. Rc7+ Kg8 28. g4 a5 29. Ra7 a4 30. h4 a3 31. Kg2 Rxe2 32. Rxa3 Re7 33. Rb3 Kf7 34. Ra3 Rb7 35. Rc3 Ra7 36. Rb3 Rd7 37. Ra3 Rc7 38. Rb3 Kg7 39. Ra3 Kf7 40. Rb3 Re7 41. Ra3 1/2-1/2

[Event "71st RUS-ch Higher League 2018"]
[Site "Yaroslavl"]
[Date "2018.07.05"]
[Round "9"]
[White "Sarana, Alexey"]
[Black "Kobalia, Mikhail"]
[Result "1/2-1/2"]
[ECO "D10"]
[WhiteElo "2573"]
[BlackElo "2608"]
[Annotator "ChessBase"]
[PlyCount "92"]
[EventDate "2018.06.26"]
[EventType "swiss"]
[EventCountry "RUS"]
[SourceTitle "playchess.com"]
[Source "ChessBase"]
[SourceQuality "1"]
[TimeControl "40/5400+30:1800+30"]

1. d4 d5 2. c4 c6 3. cxd5 cxd5 4. Nc3 e6 5. Bf4 Nc6 6. e3 Bd6 7. Bxd6 Qxd6 8. Nf3 Bd7 9. Qb3 Qb8 10. Bd3 Nge7 11. O-O O-O 12. Rfc1 Rc8 13. Qd1 Be8 14. Ne2 Qd6 15. Qd2 Nb4 16. Bb1 f6 17. a3 Rxc1+ 18. Qxc1 Nbc6 19. Qd2 Rc8 20. Bd3 Bg6 21. Rc1 Bxd3 22. Qxd3 Qd7 23. Nd2 Nf5 24. Qb3 Nd6 25. Rc5 b6 26. Rc3 Na5 27. Rxc8+ Qxc8 28. Qb4 Qc6 29. b3 Kf7 30. Qc3 Nb5 31. Qxc6 Nxc6 32. a4 Na3 33. Nc3 Nc2 34. Kf1 N2b4 35. f4 e5 36. fxe5 fxe5 37. dxe5 Nxe5 38. Ke2 a6 39. Nf3 Nxf3 40. Kxf3 Kf6 41. Ne2 Nc2 42. Nd4 Nxd4+ 43. exd4 h5 44. g3 Kf5 45. h3 a5 46. Ke3 g5 {[%emt 0:00:20] Ke4+ Ke5+} 1/2-1/2

[Event "71st RUS-ch Higher League 2018"]
[Site "Yaroslavl"]
[Date "2018.07.05"]
[Round "9"]
[White "Shaposhnikov, Evgeny"]
[Black "Kokarev, Dmitry"]
[Result "1/2-1/2"]
[ECO "B90"]
[WhiteElo "2572"]
[BlackElo "2603"]
[Annotator "ChessBase"]
[PlyCount "22"]
[EventDate "2018.06.26"]
[EventType "swiss"]
[EventCountry "RUS"]
[SourceTitle "playchess.com"]
[Source "ChessBase"]
[SourceQuality "1"]
[TimeControl "40/5400+30:1800+30"]

1. e4 c5 2. Nf3 d6 3. d4 cxd4 4. Nxd4 Nf6 5. Nc3 a6 6. Nb3 Nc6 7. Be3 Ng4 8. Bd2 Nf6 9. Be3 Ng4 10. Bd2 Nf6 11. Be3 Ng4 1/2-1/2

[Event "71st RUS-ch Higher League 2018"]
[Site "Yaroslavl"]
[Date "2018.07.05"]
[Round "9"]
[White "Vavulin, Maksim"]
[Black "Zakaryan, David"]
[Result "1-0"]
[ECO "B20"]
[WhiteElo "2552"]
[BlackElo "2387"]
[Annotator "ChessBase"]
[PlyCount "107"]
[EventDate "2018.06.26"]
[EventType "swiss"]
[EventCountry "RUS"]
[SourceTitle "playchess.com"]
[Source "ChessBase"]
[SourceQuality "1"]
[TimeControl "40/5400+30:1800+30"]

1. e4 c5 2. d3 Nc6 3. g3 g6 4. Bg2 Bg7 5. f4 e6 6. Nf3 Nge7 7. O-O O-O 8. c3 b6 9. Be3 Ba6 10. Bf2 Qc7 11. Re1 Rac8 12. Na3 Rfd8 13. Nc2 h6 14. Kh1 f5 15. Qd2 Kh7 16. Rad1 d5 17. e5 Bb7 18. h4 Rg8 19. h5 gxh5 20. Kh2 Ng6 21. d4 Bf8 22. Rh1 Be7 23. Kg1 h4 24. gxh4 Ba6 25. Rh2 Na5 26. h5 Nh8 27. Kh1 Rg7 28. Rg1 Rcg8 29. b3 Nc6 30. c4 dxc4 31. d5 c3 32. Qd1 exd5 33. Ne3 Qd7 34. Bh3 Rxg1+ 35. Bxg1 Rf8 36. Nxd5 Nd4 37. Nxc3 Bb7 38. Bg2 Rd8 39. Nxd4 cxd4 40. Ne2 d3 41. Nd4 Be4 42. Qe1 Qd5 43. Nxf5 Bxg2+ 44. Rxg2 Rg8 45. Ng3 d2 46. Qb1+ Ng6 47. hxg6+ Rxg6 48. Ne4 Qe6 49. Nf6+ Kh8 50. Qxg6 Qh3+ 51. Rh2 Qf3+ 52. Qg2 Qxg2+ 53. Rxg2 d1=N 54. Rg8# 1-0

[Event "71st RUS-ch Higher League 2018"]
[Site "Yaroslavl"]
[Date "2018.07.05"]
[Round "9"]
[White "Sychev, Klementy"]
[Black "Usmanov, Vasily"]
[Result "1/2-1/2"]
[ECO "A05"]
[WhiteElo "2527"]
[BlackElo "2477"]
[Annotator "ChessBase"]
[PlyCount "109"]
[EventDate "2018.06.26"]
[EventType "swiss"]
[EventCountry "RUS"]
[SourceTitle "playchess.com"]
[Source "ChessBase"]
[SourceQuality "1"]
[TimeControl "40/5400+30:1800+30"]

1. Nf3 Nf6 2. g3 b5 3. Bg2 Bb7 4. O-O e6 5. d3 d5 6. c4 c6 7. Nbd2 Be7 8. e4 bxc4 9. dxc4 Nxe4 10. Nxe4 dxe4 11. Qxd8+ Bxd8 12. Nd4 Bb6 13. Be3 c5 14. Nb5 Ke7 15. Rad1 Nc6 16. Nd6 Ba6 17. b3 Rad8 18. Nxe4 Nd4 19. Nc3 Ba5 20. Na4 Bb4 21. Kh1 Rd7 22. f4 Rhd8 23. Rd3 Bb7 24. Bxb7 Rxb7 25. Rfd1 Rbd7 26. Kg2 Rd6 27. Kf2 h5 28. Bc1 Nf5 29. Rxd6 Rxd6 30. Rxd6 Kxd6 31. Bb2 Kc6 32. h3 f6 33. g4 hxg4 34. hxg4 Nd6 35. Kf3 Bd2 36. Nc3 Bxc3 37. Bxc3 Nf7 38. Ke4 Kd7 39. Bd2 g6 40. Bc3 Nd6+ 41. Kd3 f5 42. gxf5 exf5 43. a3 Kc6 44. b4 a6 45. Bd2 Ne4 46. Be3 cxb4 47. axb4 Nd6 48. Bf2 Ne8 49. Kd4 Kd6 50. c5+ Ke6 51. Kc4 Nc7 52. Be1 Nb5 53. Bd2 Na7 54. Bc3 Nb5 55. Bd2 {[%emt 0:00:54] Ke5} 1/2-1/2

[Event "71st RUS-ch Higher League 2018"]
[Site "Yaroslavl"]
[Date "2018.07.05"]
[Round "9"]
[White "Lobanov, Sergei"]
[Black "Bykov, Oleg"]
[Result "1/2-1/2"]
[ECO "C10"]
[WhiteElo "2521"]
[BlackElo "2375"]
[Annotator "ChessBase"]
[PlyCount "154"]
[EventDate "2018.06.26"]
[EventType "swiss"]
[EventCountry "RUS"]
[SourceTitle "playchess.com"]
[Source "ChessBase"]
[SourceQuality "1"]
[TimeControl "40/5400+30:1800+30"]

1. e4 e6 2. d4 d5 3. Nc3 Nc6 4. Nf3 Nf6 5. e5 Ne4 6. a3 Nxc3 7. bxc3 Na5 8. Bd3 Be7 9. h4 h6 10. Rh3 c5 11. h5 Qc7 12. Rg3 c4 13. Be2 Rh7 14. Qd2 Bd7 15. Qf4 Ba4 16. Bd1 Bf8 17. Nh4 O-O-O 18. Rf3 Be8 19. Ng6 Bc5 20. Qg4 Qd7 21. dxc5 fxg6 22. hxg6 Rh8 23. Be3 Nc6 24. Bd4 Kb8 25. Rb1 Ne7 26. Qh3 Bxg6 27. Rg3 Bf5 28. Qh5 g6 29. Qe2 g5 30. Qd2 Rdf8 31. Bh5 Qa4 32. f4 gxf4 33. Rg7 Rh7 34. Rxh7 Bxh7 35. Bd1 Qxa3 36. Kf2 Be4 37. Bg4 Bf5 38. Bf3 Qa4 39. Rc1 Ng6 40. Bh5 Qe8 41. Ra1 Qe7 42. Kg1 Qc7 43. Bxg6 Bxg6 44. Rf1 Qg7 45. Rxf4 Rxf4 46. Qxf4 Be4 47. g3 a5 48. c6 bxc6 49. Bb6 a4 50. Bc5 Kb7 51. Kf2 Ka6 52. Ke1 Bxc2 53. Kd2 Bf5 54. Qe3 Kb5 55. Ba3 Qg5 56. Qxg5 hxg5 57. Ke3 c5 58. Bb2 d4+ 59. cxd4 cxd4+ 60. Bxd4 Kb4 61. Kd2 Kb3 62. Bc3 Ka2 63. Kc1 a3 64. Bd4 Kb3 65. Kd2 Be4 66. Bc3 Bd3 67. Bd4 Kb4 68. Bc3+ Kc5 69. Ke3 Kc6 70. Kd4 Kd7 71. Bb4 a2 72. Bc3 Ke7 73. Ke3 Kf7 74. Bb2 Kg6 75. Bc3 Kf5 76. Bb2 Kg4 77. Kf2 Kf5 1/2-1/2

[Event "71st RUS-ch Higher League 2018"]
[Site "Yaroslavl"]
[Date "2018.07.05"]
[Round "9"]
[White "Sviridov, Valery"]
[Black "Gordievsky, Dmitry"]
[Result "1/2-1/2"]
[ECO "A04"]
[WhiteElo "2513"]
[BlackElo "2641"]
[Annotator "ChessBase"]
[PlyCount "107"]
[EventDate "2018.06.26"]
[EventType "swiss"]
[EventCountry "RUS"]
[SourceTitle "playchess.com"]
[Source "ChessBase"]
[SourceQuality "1"]
[TimeControl "40/5400+30:1800+30"]

1. Nf3 c5 2. g3 g6 3. Bg2 Bg7 4. O-O Nc6 5. c4 e6 6. Nc3 Nge7 7. e3 O-O 8. d4 d6 9. b3 Nf5 10. Ne2 e5 11. dxe5 dxe5 12. Nd2 Nfe7 13. Ne4 b6 14. Bb2 f5 15. Nd6 Be6 16. Qd2 a6 17. f4 e4 18. Bxg7 Kxg7 19. Rad1 Qc7 20. Bh3 Nd8 21. g4 fxg4 22. Bg2 Nf7 23. Qc3+ Kh6 24. Nxe4 Rad8 25. Nf2 Ng8 26. Rde1 Qd6 27. Ng3 Qd2 28. Qa1 Qd6 29. Nfe4 Qe7 30. Nc3 Qf6 31. e4 Bc8 32. e5 Qh4 33. f5 gxf5 34. e6 Nd6 35. Nd5 Ne7 36. Qe5 Kg6 37. Ne2 Nxd5 38. cxd5 Qe7 39. Nf4+ Kh6 40. h3 g3 41. Re3 Rg8 42. Bf3 Rdf8 43. Be2 g2 44. Rf2 Ne4 45. Rxe4 Qh4 46. Ng6 Qxf2+ 47. Kxf2 fxe4+ 48. Kg1 hxg6 49. e7 Bxh3 50. exf8=Q+ Rxf8 51. Kh2 Rf1 52. Qh8+ Kg5 53. Qe5+ Kh6 54. Qh8+ 1/2-1/2

[Event "71st RUS-ch Higher League 2018"]
[Site "Yaroslavl"]
[Date "2018.07.05"]
[Round "9"]
[White "Iskusnyh, Sergei"]
[Black "Alekseev, Evgeny"]
[Result "0-1"]
[ECO "A40"]
[WhiteElo "2473"]
[BlackElo "2627"]
[Annotator "ChessBase"]
[PlyCount "102"]
[EventDate "2018.06.26"]
[EventType "swiss"]
[EventCountry "RUS"]
[SourceTitle "playchess.com"]
[Source "ChessBase"]
[SourceQuality "1"]
[TimeControl "40/5400+30:1800+30"]

1. d4 Nf6 2. c4 e6 3. g3 c5 4. Nf3 cxd4 5. Nxd4 d5 6. Bg2 e5 7. Nf3 d4 8. O-O Nc6 9. e3 Be7 10. exd4 exd4 11. Bf4 Be6 12. Ne5 Rc8 13. Nd2 O-O 14. Re1 Qb6 15. a3 a5 16. Qb3 Qa6 17. Rac1 Nh5 18. Nd3 Rfe8 19. Qb5 g6 20. Bh6 a4 21. Nc5 Bxc5 22. Qxc5 Red8 23. Bd5 b6 24. Qb5 Qxb5 25. cxb5 Bxd5 26. bxc6 Rxc6 27. Rxc6 Bxc6 28. f3 Bd5 29. Kf2 Ng7 30. Rc1 Ne6 31. g4 f6 32. h4 Kf7 33. Nc4 Bxc4 34. Rxc4 g5 35. hxg5 fxg5 36. Rc6 b5 37. Ke2 d3+ 38. Kd1 Rd5 39. Rc8 Rd6 40. Kd2 Nd4 41. Rc7+ Kg6 42. Bf8 Nxf3+ 43. Kd1 Re6 44. Bb4 d2 45. Kc2 Re1 46. Rc6+ Kf7 47. Rc7+ Ke6 48. Bxd2 Re2 49. Kd3 Rxd2+ 50. Ke3 Rd7 51. Rc5 Ne5 {[%emt 0:00:30] Kd4} 0-1